 Dungeon Crawl Stone Soup version 0.28.0-53-g5a82cb258f (webtiles) character file.

Game seed: 11526071241827334718

12964 safid the Severer (level 12, -6/100 HPs)
             Began as a Hill Orc Fighter on Aug 12, 2022.
             Was an Elder of Beogh.
             Mangled by an ice beast (13 damage)
             ... summoned by an ice statue
             ... in an ice cave.
             The game lasted 00:18:20 (11399 turns).

safid the Severer (Hill Orc Fighter)               Turns: 11399, Time: 00:18:20

Health: -6/100     AC: 28    Str: 24    XL:     12   Next: 1%
Magic:  17/17      EV:  9    Int:  8    God:    Beogh [****..]
Gold:   889        SH:  4    Dex: 10    Spells: 11/11 levels left

rFire   . . .      SeeInvis +   a - +0 war axe
rCold   . . .      Faith    .   c - +0 buckler
rNeg    . . .      Spirit   .   r - +18 Lear's hauberk
rPois   +          Reflect  .   (helmet currently unavailable)
rElec   .          Harm     .   (no cloak)
rCorr   .          Rampage  .   (gloves currently unavailable)
Will    .....                   (boots currently unavailable)
Stlth   ..........              (no amulet)
HPRegen 0.26/turn               j - ring of poison resistance
MPRegen 0.15/turn               E - ring of see invisible

@: no status effects
A: no striking features
a: Renounce Religion, Smiting, Recall Orcish Followers


You were in an ice cave.
You worshipped Beogh.
Beogh was greatly pleased with you.
You visited 2 branches of the dungeon, and saw 12 of its levels.
You also visited: Ice Cave.

You collected 1093 gold pieces.
You spent 204 gold pieces at shops.

Inventory:

Hand Weapons
 a - a +0 war axe (weapon)
Missiles
 i - 24 poisoned darts (quivered)
 z - 2 boomerangs of dispersal
 A - 8 curare-tipped darts
 B - 6 javelins
Armour
 c - a +0 buckler (worn)
 l - the +0 pair of boots of Duty {+Blink rN+ rCorr}
   (You found it on level 3 of the Dungeon)

   rN:        It protects you from negative energy.
   +Blink:    It lets you blink.
   rCorr:     It protects you from acid and corrosion.
 q - a +1 helmet
 r - the +18 Lear's hauberk (worn)
   (You found it on level 4 of the Dungeon)
 H - a +0 crystal plate armour of cold resistance
Jewellery
 j - a ring of poison resistance (left hand)
 E - a ring of see invisible (right hand)
Wands
 x - a wand of acid (9)
 y - a wand of digging (6)
 D - a wand of flame (4)
Scrolls
 f - 2 scrolls of enchant weapon
 h - 3 scrolls of fear
 m - a scroll of immolation
 n - 2 scrolls of teleportation
 o - 3 scrolls of magic mapping
 p - a scroll of holy word {unknown}
 s - 4 scrolls of enchant armour
 u - 3 scrolls of blinking
 C - a scroll of noise {unknown}
 F - 3 scrolls of vulnerability {unknown}
 I - a scroll of identify
Potions
 b - 2 potions of curing
 d - a potion of heal wounds {unknown}
 e - 3 potions of mutation {unknown}
 g - 2 potions of cancellation
 k - a potion of resistance {unknown}
 v - 2 potions of berserk rage {unknown}
 w - 2 potions of brilliance {unknown}
 G - a potion of attraction {unknown}


   Skills:
 + Level 7.6 Fighting
 - Level 16.0 Axes
 + Level 4.9 Throwing
 + Level 7.2 Armour
 + Level 4.3 Dodging
 - Level 4.0 Shields
 + Level 6.9 Invocations
 + Level 6.8 Evocations


You had 11 spell levels left.
You didn't know any spells.
Your spell library contained the following spells:

 Spells                   Type           Power      Damage    Failure   Level
 Confusing Touch          Hex            0%         N/A       100%        3
 Gell's Gravitas          Tloc           0%         N/A       100%        3
 Lesser Beckoning         Tloc           0%         N/A       100%        3
 Stone Arrow              Conj/Erth      0%         3d7       100%        3
 Teleport Other           Tloc           0%         N/A       100%        3
 Animate Armour           Summ/Erth      0%         N/A       100%        4
 Fulminant Prism          Conj/Hex       0%         3d6       100%        4
 Iskenderun's Mystic Bla  Conj/Tloc      0%         2d3       100%        4
 Lee's Rapid Deconstruct  Erth           0%         3d5*      100%        5
 Yara's Violent Unravell  Hex/Tmut       0%         3d3       100%        5
 Dispersal                Tloc           0%         N/A       100%        6
 Enfeeble                 Hex            0%         N/A       100%        7
 Lehudib's Crystal Spear  Conj/Erth      0%         10d2      100%        8


Dungeon Overview and Level Annotations

Branches:
Dungeon (10/15)            Temple (0/1) D:7            Lair (2/6) D:8
 Shoals (0/4) Lair:2        IceCv (1/1)
  Snake: Lair:2-4    Spider: Lair:2-4       Orc: D:9-12

Altars:
Fedhas
Nemelex Xobeh
Uskayaw
The Shining One

Shops:
D:3 *   D:5 (   D:9 =**

Annotations:
IceCv exclusion: 3 ice statues


Message History

The ice beast is moderately wounded.
You hit the ice beast.
The ice beast hits you but does no damage.
Unknown command.
You hit the ice beast.
The ice beast is severely wounded.
You completely miss the ice beast.
The ice beast hits you but does no damage. x2
Unknown command.
You slash the ice beast!
You kill the ice beast!
The ice beast disappears in a puff of smoke!
You hit the ice beast but do no damage.
Unknown command.
You closely miss the ice beast.
The ice beast is moderately wounded.
The ice beast hits you but does no damage.
Unknown command.
You hit the ice beast.
The ice beast is heavily wounded.
The ice beast closely misses you.
Unknown command.
You closely miss the ice beast.
The ice beast is heavily wounded.
You slash the ice beast!
The ice beast hits you but does no damage.
You block the ice beast's attack.
Unknown command.
You closely miss the ice beast.
The ice beast is heavily wounded.
You slash the ice beast!
Unknown command.
You hit the ice beast but do no damage.
The ice beast is heavily wounded.
You closely miss the ice beast.
The ice beast hits you but does no damage.
The ice beast hits you.
* * * LOW HITPOINT WARNING * * *
The ice beast freezes you!
You die...

####### #############
#.....## ##...(.#.....#
#......###......#......
#.......#.......#.☼....
#.∩..∩............°°☼..
#.....YY#.......#.○°○○§
#.....@###.....[#○☼°☼☼☼
#.....## ##...).#8☼☼☼8#
####### #############


You could see 2 ice beasts.

Vanquished Creatures
  3 two-headed ogres
  A skeletal warrior (D:10)
  A deep elf pyromancer (D:8)
  An ugly thing (IceCv)
  A salamander (shapeshifter) (D:8)
  A rime drake (Lair:2)
  A komodo dragon (Lair:1)
  2 trolls (D:9)
  2 flying skulls (D:10)
  A wyvern (Lair:1)
  A steam dragon (D:6)
  2 vampire mosquitoes (D:10)
  A death yak simulacrum (IceCv)
  2 water moccasins
  2 ice beasts
  4 orc warriors
  A sky beast (D:6)
  2 black bears
  A wolf (Lair:1)
  6 ogres
  2 centaurs
  6 kobold brigands
  5 scorpions
  7 bullfrogs
  2 gnoll sergeants
  A cane toad simulacrum (IceCv)
  A wyvern skeleton (D:6)
  7 killer bees
  An elephant simulacrum (IceCv)
  2 howler monkeys
  5 centaur zombies
  A bullfrog zombie (D:6)
  4 orc priests (D:8)
  A centaur skeleton (D:7)
  3 hounds
  Jessica (D:2)
  2 bullfrog skeletons
  A hell rat (Lair:1)
  3 iguanas
  10 orc wizards
  A polar bear simulacrum (IceCv)
  A hound zombie (D:5)
  A howler monkey zombie (D:4)
  Robin (D:4)
  10 gnolls
  12 adders
  3 river rats (Lair:1)
  2 white imps (D:8)
  An ufetubus (D:6)
  3 worms
  A dart slug (D:5)
  32 orcs
  3 endoplasms (D:2)
  3 giant cockroaches
  16 goblins
  7 hobgoblins
  6 jackals
  26 kobolds
  4 quokkas
  5 ball pythons
  A bat (D:1)
  2 frilled lizards
  6 rats
248 creatures vanquished.

Vanquished Creatures (collateral kills)
  3 rime drakes
  A komodo dragon (Lair:1)
  A polar bear (Lair:2)
  2 flying skulls (D:10)
  5 yaks (D:9)
  2 shadows (D:10)
  A vampire mosquito (D:10)
  4 water moccasins (Lair:1)
  A black bear (Lair:1)
  A centaur (D:9)
  8 wolves (Lair:1)
  4 bullfrogs (Lair:1)
  An electric eel (Lair:1)
  A centaur skeleton (D:10)
  A hell rat (Lair:1)
  8 river rats (Lair:1)
  4 kobolds (D:9)
48 creatures vanquished.

Vanquished Creatures (others)
  An orc warrior (D:10)
  A black bear (D:8)
  3 orcs
  A fungus (Lair:1)
  4 plants (Lair:1)
10 creatures vanquished.

Grand Total: 306 creatures vanquished

Notes
Turn   | Place    | Note
-------+----------+-------------------------------------------
     0 | D:1      | safid the Hill Orc Fighter began the quest for the Orb.
     0 | D:1      | Reached XP level 1. HP: 19/19 MP: 1/1
   141 | D:1      | Reached XP level 2. HP: 20/27 MP: 2/2
   144 | D:1      | Reached skill level 3 in Axes
   485 | D:1      | You fall into a shaft and drop 1 floor!
   603 | D:2      | Reached XP level 3. HP: 29/33 MP: 3/3
  1126 | D:2      | Reached XP level 4. HP: 40/40 MP: 4/4
  1434 | D:2      | Noticed Jessica
  1437 | D:2      | Killed Jessica
  1438 | D:2      | Reached skill level 4 in Axes
  1620 | D:3      | Found Oniomuyff's Assorted Antiques.
  1839 | D:3      | Reached skill level 5 in Axes
  1839 | D:3      | Reached XP level 5. HP: 46/46 MP: 5/5
  1918 | D:3      | Noticed a black bear
  1924 | D:3      | Killed a black bear
  1925 | D:3      | Reached skill level 6 in Axes
  1928 | D:3      | Identified the +0 pair of boots of Duty {+Blink rN+ rCorr}
  2009 | D:3      | Reached XP level 6. HP: 49/52 MP: 6/6
  2437 | D:4      | Found the +18 Lear's hauberk
  2438 | D:4      | Noticed Robin
  2456 | D:4      | Killed Robin
  2462 | D:4      | Reached skill level 7 in Axes
  2566 | D:4      | Reached skill level 1 in Evocations
  3052 | D:4      | Reached XP level 7. HP: 51/59 MP: 7/7
  3133 | D:4      | Reached skill level 8 in Axes
  3343 | D:5      | Entered Level 5 of the Dungeon
  3445 | D:5      | Reached skill level 9 in Axes
  3445 | D:5      | Reached XP level 8. HP: 42/66 MP: 8/8
  3624 | D:5      | Reached skill level 10 in Axes
  3738 | D:5      | Became a worshipper of Beogh the Brigand
  3743 | D:5      | Reached skill level 11 in Axes
  3923 | D:5      | Found Bohoxtemm's Weapon Boutique.
  3938 | D:5      | Reached skill level 12 in Axes
  4217 | D:6      | Reached XP level 9. HP: 34/71 MP: 9/9
  4220 | D:6      | Reached skill level 13 in Axes
  4448 | D:6      | Reached * piety under Beogh
  4681 | D:6      | Found a large runed translucent door.
  4682 | D:6      | Found a large runed translucent door.
  5005 | D:6      | Reached skill level 14 in Axes
  5037 | D:6      | Found a sparkling altar of Nemelex Xobeh.
  5040 | D:6      | Found a blossoming altar of Fedhas.
  5556 | D:7      | Reached skill level 15 in Axes
  5803 | D:7      | Reached ** piety under Beogh
  5970 | D:7      | Reached skill level 16 in Axes
  6140 | D:7      | Found a staircase to the Ecumenical Temple.
  6283 | D:8      | Reached skill level 1 in Invocations
  6283 | D:8      | Reached XP level 10. HP: 78/78 MP: 10/10
  6308 | D:8      | Found a glowing golden altar of the Shining One.
  6308 | D:8      | Found a hide-covered altar of Uskayaw.
  6426 | D:8      | Found a staircase to the Lair.
  6767 | D:8      | Reached skill level 1 in Throwing
  6767 | D:8      | Reached skill level 1 in Dodging
  7394 | D:8      | Reached *** piety under Beogh
  7416 | D:8      | Noticed a deep elf pyromancer
  7429 | D:8      | Killed a deep elf pyromancer
  7433 | D:8      | Reached skill level 5 in Fighting
  7488 | D:8      | Noticed a salamander
  7508 | D:8      | Killed a salamander
  7509 | D:8      | Reached skill level 5 in Armour
  7886 | D:9      | Found Ighemoff's General Store.
  7895 | D:9      | Bought a potion of cancellation for 104 gold pieces
  7915 | D:9      | Noticed a two-headed ogre
  7930 | D:9      | Killed a two-headed ogre
  7931 | D:9      | Reached skill level 5 in Evocations
  8088 | D:9      | Noticed a two-headed ogre
  8097 | D:9      | Killed a two-headed ogre
  8262 | D:9      | Reached XP level 11. HP: 51/89 MP: 14/14
  8485 | D:9      | Found Cutep's Assorted Antiques.
  8495 | D:9      | Bought a scroll of identify for 50 gold pieces
  8495 | D:9      | Bought a scroll of identify for 50 gold pieces
  8495 | D:9      | Identified a scroll of acquirement
  8497 | D:9      | Acquired 655 gold pieces
  8711 | D:9      | Found Jeojy's Jewellery Shoppe.
  8773 | D:9      | Reached skill level 5 in Invocations
  9229 | D:10     | Entered Level 10 of the Dungeon
  9282 | D:10     | Noticed a two-headed ogre
  9289 | D:10     | Killed a two-headed ogre
  9488 | D:10     | Noticed a skeletal warrior
  9489 | D:10     | Noticed a necromancer
  9497 | D:10     | Killed a skeletal warrior
  9503 | D:10     | Reached **** piety under Beogh
  9851 | Lair:1   | Entered Level 1 of the Lair of Beasts
 11151 | Lair:2   | Found a frozen archway.
 11180 | IceCv    | Entered an ice cave
 11210 | IceCv    | Noticed a white ugly thing
 11231 | IceCv    | Killed a white ugly thing
 11239 | IceCv    | Reached XP level 12. HP: 72/100 MP: 17/17
 11399 | IceCv    | Mangled by an ice beast

Illustrated notes

Levels and vault maps discovered:
D:1:      ebering_trefoil_3fold, layout_rooms, nicolae_ecumenical_lake_church,
          nicolae_figureground_sparkle
D:2:      layout_basic, minmay_pentomino_u2, uniq_jessica
D:3:      layout_loops_ring, serial_shops,
          nicolae_shop_temple_entry_statues_fountains, minmay_misc_feat_five
D:4:      kb_forest_paths, layout_rooms, uniq_robin
D:5:      layout_rooms, serial_shops, nicolae_shop_bloodbath_and_beyond
D:6:      layout_loops_ring, jmf_multi_god_temple2, hellmonk_bongcloud_opening
D:7:      layout_rooms, minmay_temple_entry_poolview
D:8:      minmay_slanted_spiral_squares, layout_loops_ring,
          gammafunk_temple_overflow_pools, lair_entry_dummy,
          grunt_decor_clamped, hangedman_abyss_or_decor_passed, minivault_26,
          minmay_misc_feat_hallway
D:9:      layout_long_grid, serial_shops, nicolae_shop_advertising_works
          [nicolae_subvault_shop_adworks], nicolae_shop_waterfront,
          nicolae_shop_window_shopping, minmay_misc_feat_nine_boxes,
          hangedman_decor_slide_cut
D:10:     hangedman_screamer, layout_basic, nzn_random_ring
Lair:1:   layout_gridlike, kennysheep_rathole, lemuel_fruit_tree
Lair:2:   minmay_lair_oklob_tunnel, layout_layer_cave, elwin_shoals_entry_rooms,
          portal_ice_cave_rime, serial_bayou_shore_b, serial_bayou_shore_b,
          uniq_gastronok
IceCv:    ice_cave_statue_garden_chambered

Skill      XL: |  1  2  3  4  5  6  7  8  9 10 11 |
---------------+----------------------------------+-----
Axes           | 3 5 6 7 9 12 16 | 16.0
Fighting       | 4 6 7 |  7.6
Shields        | 4 |  4.0
Armour         | 4 5 7 |  7.2
Evocations     | 2 4 5 6 |  6.8
Invocations    | 1 4 6 |  6.9
Throwing       | 3 4 |  4.9
Dodging        | 2 4 |  4.3

Action                   |  1- 3 |  4- 6 |  7- 9 | 10-12 || total
-------------------------+-------+-------+-------+-------++-------
Melee: War axe           |    91 |   153 |   344 |   376 ||   964
Invok: Convert to Beogh  |       |       |     1 |       ||     1
       Recall Orcish Fol |       |       |       |     1 ||     1
  Use: Scroll            |       |       |     5 |    10 ||    15
       Potion            |       |       |     1 |     2 ||     3
 Stab: Distracted        |       |       |       |     2 ||     2
Armor: Scale mail        |    53 |    69 |       |       ||   122
       Chain mail        |       |    21 |   336 |   262 ||   619
Dodge: Dodged            |    42 |    73 |   138 |   148 ||   401
Block: Buckler           |    30 |    39 |    82 |    84 ||   235
